 Dungeon Crawl Stone Soup version 0.31.0-11-ge490571c62 (webtiles) character file.

Game seed: 12418995632253959803

124 qw the Ducker (level 4, -13/23 HPs)
             Began as a Spriggan Hunter on Feb 3, 2024.
             Succumbed to their own poison gas
             ... on level 3 of the Dungeon.
             The game lasted 00:00:07 (1987 turns).

qw the Ducker (Spriggan Hunter)                     Turns: 1987, Time: 00:00:08

Health: -13/23     AC:  2    Str:  7    XL:     4   Next: 81%
Magic:  5/5        EV: 20    Int: 10    God:
Gold:   154        SH:  0    Dex: 20    Spells: 3/3 levels left

rFire   . . .        a - +0 shortbow
rCold   + . .        (shield currently unavailable)
rNeg    . . .        c - +0 robe
rPois   .            (helmet restricted)
rElec   .            (no cloak)
rCorr   .            (gloves unavailable)
SInv    +            (boots unavailable)
Will    .....        j - amulet of faith
Stlth   ++           n - ring of protection from cold
HPRegen 0.23/turn    (no ring)
MPRegen 0.09/turn

%: faith
@: brilliant, lethally poisoned (-13 -> -84), on berserk cooldown, slowed, quick
A: very small, no large weapons, unfitting armour, see invisible, speed 3
a: no special abilities


You were on level 3 of the Dungeon.
You visited 1 branch of the dungeon, and saw 3 of its levels.

You collected 154 gold pieces.


Innate Abilities, Weirdness & Mutations

You are very small and have problems with some larger weapons.
You are too small for most types of armour.
You have supernaturally acute eyesight. (SInv)
You cover ground extremely quickly. (Speed+++)


   Skills:
 + Level 1.9 Fighting
 - Level 5.0 Ranged Weapons
 - Level 5.1 Dodging
 - Level 1.5 Stealth


You had 3 spell levels left.
You didn't know any spells.
Your spell library was empty.

Inventory:

Hand Weapons
 a - a +0 shortbow (weapon)
Armour
 c - a +0 robe (worn)
Jewellery
 i - an amulet of reflection
 j - an amulet of faith (around neck)
 n - a ring of protection from cold (left hand)
 o - a ring of ice
Scrolls
 h - 4 scrolls of teleportation
Potions
 b - a potion of invisibility {unknown}
 d - a potion of cancellation {unknown}
 e - a potion of brilliance
 f - a potion of enlightenment
 g - a potion of mutation {unknown}
 k - a potion of ambrosia {unknown}
 m - a potion of berserk rage

Dungeon Overview and Level Annotations

Branches:
Dungeon (3/15)

Altars:

Shops:
D:3 =


Message History

Done exploring.
1979 ||| UPGRADING to ring of protection from cold.
n - a ring of protection from cold (left hand) Done exploring.
1980 ||| READING scroll labelled TYTWIO BEMNIKH.
The air fills with toxic fumes!
As you read the scroll labelled TYTWIO BEMNIKH, it crumbles to dust.
It was a scroll of poison.
Done exploring.
1981 ||| DRINKING 2 gluggy blue potions.
It was a potion of brilliance.
You feel clever all of a sudden.
Done exploring.
1982 ||| DRINKING 2 red potions.
It was a potion of berserk rage.
A red film seems to cover your vision as you go berserk!
You feel yourself moving faster!
You feel mighty!
1983 ||| FLEEEEING.
You feel a strong urge to attack something.
You are engulfed in poison gas.
You are poisoned.
You feel very sick.
1984 ||| FLEEEEING.
You are engulfed in poison gas.
You are lethally poisoned!
You feel very sick.
1985 ||| FLEEEEING.
You feel your anger nearly subside.
You are engulfed in poison gas.
You are more poisoned.
You feel very sick.
1986 ||| FLEEEEING.
You are engulfed in poison gas.
You are more poisoned.
You are no longer berserk.
You are exhausted.
You feel yourself slow down.
You feel very sick.
1987 ||| FLEEEEING.
You are engulfed in poison gas.
You are more poisoned.
Ouch! That really hurt!
You die...

### ### #.# #¤# #.# #.# #.# #¤#
########## #.# #¤# #.........
#.######¤# #.######## #####
#.#...##0# #####.# #..
....#####.#..)##@# #...#.# #.#
....##....#...##¤# #...#.# #.#
....##....#...##¤###...#.# #.#
\...##....#...##...+...'.# #..
....###.#.#...##.###...#.######..
....# #.#.#...##.##..............
....# #.#.#...##.##......##.#....
....###.#.#...##.........##.#.#..
....##..................<.....)..


There were no monsters in sight!

Vanquished Creatures
  4 gnolls (D:3)
  An adder (D:2)
  2 dart slugs
  4 ribbon worms
  2 orcs (D:3)
  7 bats
  6 endoplasms
  3 giant cockroaches
  4 hobgoblins
  2 jackals (D:3)
  2 quokkas
  7 ball pythons
  A frilled lizard (D:3)
  4 goblins
  5 kobolds
  8 rats
62 creatures vanquished.

Notes
Turn   | Place    | Note
-------+----------+-------------------------------------------
     0 | D:1      | qw the Spriggan Hunter began the quest for the Orb.
     0 | D:1      | Reached XP level 1. HP: 10/10 MP: 2/2
     0 | D:1      | 0 ||| qw: Version: 0.3-a-157-g843a77d
     0 | D:1      | 0 ||| qw: Game counter: 3852
     0 | D:1      | 0 ||| qw: Melee chars always use a shield: true
     0 | D:1      | 0 ||| qw: God list: Okawaru
     0 | D:1      | 0 ||| qw: Allow faded altars: false
     0 | D:1      | 0 ||| qw: Do Orc after clearing Dungeon:15 true
     0 | D:1      | 0 ||| qw: Do second Lair branch before Depths: true
     0 | D:1      | 0 ||| qw: Lair rune preference: random
     0 | D:1      | 0 ||| qw: Goals: Normal
     0 | D:1      | 0 ||| PLANNING D:1-11
    44 | D:1      | Reached skill level 3 in Dodging
    86 | D:1      | Reached XP level 2. HP: 14/14 MP: 3/3
   241 | D:1      | Found a faded altar of an unknown god.
   540 | D:1      | 540 ||| READING scroll labelled RUITSA CAOFAAWN.
   541 | D:1      | 541 ||| READING scroll labelled ZANENT SOG LYEM.
   642 | D:1      | 642 ||| READING scroll labelled WEIXOYDO COCH.
   642 | D:1      | 642 ||| IDENTIFYING bubbling emerald potion
   643 | D:1      | 643 ||| READING 3 scrolls labelled ZECAHU AFEOVY.
   646 | D:1      | 646 ||| DROPPING scroll of butterflies.
   663 | D:2      | Reached XP level 3. HP: 18/18 MP: 4/4
  1066 | D:2      | 1066 ||| READING scroll labelled UMOIHI XIDOL.
  1258 | D:3      | Reached XP level 4. HP: 22/22 MP: 5/5
  1896 | D:3      | Found Hufuasesm's Jewellery Shoppe.
  1904 | D:3      | 1904 ||| SHOPLISTING +4 ring of slaying (1014 gold, have
                  | 154).
  1904 | D:3      | 1904 ||| SHOPLISTING +5 ring of evasion (468 gold, have
                  | 154).
  1904 | D:3      | 1904 ||| SHOPLISTING ring of ice (325 gold, have 154).
  1904 | D:3      | 1904 ||| SHOPLISTING ring of poison resistance (260 gold,
                  | have 154).
  1904 | D:3      | 1904 ||| SHOPLISTING ring of protection from fire (325
                  | gold, have 154).
  1904 | D:3      | 1904 ||| SHOPLISTING ring of willpower (325 gold, have
                  | 154).
  1964 | D:3      | 1964 ||| UPGRADING to amulet of reflection.
  1969 | D:3      | 1969 ||| UPGRADING to amulet of faith.
  1979 | D:3      | 1979 ||| UPGRADING to ring of protection from cold.
  1980 | D:3      | 1980 ||| READING scroll labelled TYTWIO BEMNIKH.
  1981 | D:3      | 1981 ||| DRINKING 2 gluggy blue potions.
  1982 | D:3      | 1982 ||| DRINKING 2 red potions.
  1983 | D:3      | 1983 ||| FLEEEEING.
  1984 | D:3      | 1984 ||| FLEEEEING.
  1985 | D:3      | 1985 ||| FLEEEEING.
  1986 | D:3      | 1986 ||| FLEEEEING.
  1987 | D:3      | 1987 ||| FLEEEEING.
  1987 | D:3      | HP: 1/23 [cloud of poison gas (5)]
  1987 | D:3      | Succumbed to their own poison gas

Levels and vault maps discovered:
D:1:      minmay_arrival_solitary_statue, layout_rooms,
          shapermc_ecumenical_altar_ellora, minmay_ruptured
D:2:      layout_rooms, kennysheep_flooded_box, grunt_ministairs_3
D:3:      layout_basic, serial_shops, shop

Skill      XL: |  1  2  3  4 |
---------------+-------------+-----
Dodging        | 3 4 5 |  5.1
Ranged Weapons | 5 |  5.0
Fighting       | |  1.9
Stealth        | |  1.5

Action                     |  1- 3 |  4- 6 || total
---------------------------+-------+-------++-------
   Fire: Shortbow          |   125 |    55 ||   180
    Use: Scroll            |     5 |     1 ||     6
         Potion            |       |     2 ||     2
 Armour: Robe              |     8 |     7 ||    15
  Dodge: Dodged            |    33 |    38 ||    71

Table legend:
 A = Non-vault XP
 B = Vault XP
 C = Vault XP percentage of total XP
 D = Non-vault monster count
 E = Vault monster count
 F = Vault count percentage of total count
                 A         B        C        D         E       F
            +---------+---------+-------+---------+---------+-------
      Total |     168 |      10 |   5.6 |      57 |       5 |   8.1
            +---------+---------+-------+---------+---------+-------
        D:1 |      33 |       6 |  15.4 |      22 |       3 |  12.0
        D:2 |      48 |       4 |   7.7 |      17 |       2 |  10.5
        D:3 |      87 |       0 |   0.0 |      18 |       0 |   0.0
            +---------+---------+-------+---------+---------+-------
